 Dungeon Crawl Stone Soup version 0.26-b1-32-g5d43845318 (webtiles) character file.

Game seed: 16758076137285847001

60 scsoc the Grave Robber (level 4, -3/30 HPs)
             Began as a Human Necromancer on Jan 5, 2021.
             Slain by a worker ant zombie (5 damage)
             ... on level 3 of the Dungeon on Jan 6, 2021.
             The game lasted 00:15:57 (3228 turns).

scsoc the Grave Robber (Human Necromancer)          Turns: 3228, Time: 00:15:58

Health: -3/30      AC:  4    Str:  9    XL:     4   Next: 24%
Magic:  8/8        EV: 12    Int: 16    God:
Gold:   112        SH:  0    Dex: 13    Spells: 3/8 levels left

rFire    . . .     SeeInvis .   g - +2 dagger (venom)
rCold    . . .     Faith    +   (no shield)
rNeg     . . .     Spirit   .   a - +0 robe
rPois    .         Reflect  .   (no helmet)
rElec    .         Harm     .   i - +0 cloak
rCorr    .         Rampage  .   c - +0 pair of gloves
Will     .....                  (no boots)
Stlth    ++........             e - amulet of faith
HPRegen  0.10/turn              (no ring)
MPRegen  0.11/turn              (no ring)

@: lethally poisoned (-3 -> -9)
A: no striking features
a: no special abilities


You were on level 3 of the Dungeon.
You visited 1 branch of the dungeon, and saw 3 of its levels.

You collected 112 gold pieces.

Inventory:

Hand Weapons
 g - a +2 dagger of venom (weapon)
Armour
 a - a +0 robe (worn)
 c - a +0 pair of gloves (worn)
 i - a +0 cloak (worn)
Jewellery
 e - an amulet of faith (around neck)
Scrolls
 b - a scroll of blinking {unknown}
 d - a scroll of noise {unknown}
 f - 4 scrolls of remove curse
 j - 4 scrolls of enchant weapon
 l - a scroll of magic mapping
 m - a scroll of teleportation {unknown}
 q - a scroll of fear {unknown}
Potions
 h - a potion of brilliance
 k - a potion of curing {unknown}
 n - a potion of heal wounds
 o - a potion of lignification
 p - a potion of flight {unknown}
 r - a potion of magic {unknown}


   Skills:
 + Level 2.1 Dodging
 + Level 2.0 Stealth
 + Level 2.9 Spellcasting
 + Level 4.8 Necromancy


You had 3 spell levels left.
You knew the following spells:

 Your Spells              Type           Power        Failure   Level
a - Pain                  Necr           68%          2%          1
b - Animate Skeleton      Necr           34%          2%          1
c - Vampiric Draining     Necr           8%           8%          3

Your spell library contained the following spells:

 Spells                   Type           Power        Failure   Level
 Animate Dead             Necr           8%           26%         4
 Agony                    Necr           17%          56%         5


Dungeon Overview and Level Annotations

Branches:
Dungeon (3/15)

Altars:
Cheibriados
Okawaru
Uskayaw

Annotations:
D:3 1 transporter, raceaflais's ghost, amateur SpVM


Message History

You see here a purple potion.
r - a purple potion
* * * LOW HITPOINT WARNING * * *
You feel sick. The adder closely misses you.
The hobgoblin hits you but does no damage.
* * * LOW HITPOINT WARNING * * *
You feel sick.
Raceaflais's ghost shouts, "I have seen your future, and it is all used up."
Raceaflais's ghost closely misses you. The adder barely misses you.
You see here a scroll of remove curse.
f - 4 scrolls of remove curse (gained 1)
* * * LOW HITPOINT WARNING * * *
You feel sick. Raceaflais's ghost hits you.
* * * LOW HITPOINT WARNING * * *
The adder closely misses you. The frilled lizard barely misses you.
You hit the worker ant zombie.
The worker ant zombie is lightly damaged.
* * * LOW HITPOINT WARNING * * *
You feel sick. The worker ant zombie bites you.
You die...

#.#.###...=.... #....#
##.............. #....#
#..#########..# #....#
#.##.......##.# #....#
#.#8..#.#..8#.# ####....#
######.#..#...#..#.###.......# ##
.......#........g#.(##.(.....+ .
......©#...†©..WS#©..#.......####
.......#.......l@#........>......
.......#..#...#Z.#)###....##.####
.......#8..#.#..8#.# #....##.....
#####+.##......©##.###....#######
####...#########....+....#
#................####....#
#.......##.####### ######
#.......##+# #.........


You could see raceaflais's ghost, an adder, a worker ant zombie, a hobgoblin and
a frilled lizard.

Vanquished Creatures
  An adder (D:2)
  2 worms
  A dart slug (D:3)
  An orc (D:3)
  2 giant cockroaches
  5 goblins
  6 hobgoblins (D:1)
  2 jackals (D:3)
  4 kobolds
  A quokka (D:2)
  A ball python (D:1)
  7 bats
  2 frilled lizards
  5 rats
40 creatures vanquished.

Vanquished Creatures (collateral kills)
  A rat (D:1)
1 creature vanquished.

Grand Total: 41 creatures vanquished

Notes
Turn   | Place    | Note
-------+----------+-------------------------------------------
     0 | D:1      | scsoc the Human Necromancer began the quest for the Orb.
     0 | D:1      | Reached XP level 1. HP: 13/13 MP: 3/3
     2 | D:1      | Learned a level 1 spell: Animate Skeleton
   272 | D:1      | Reached XP level 2. HP: 15/19 MP: 0/5
   959 | D:1      | Reached XP level 3. HP: 19/24 MP: 3/6
  1091 | D:1      | Learned a level 3 spell: Vampiric Draining
  1921 | D:2      | Found a snail-covered altar of Cheibriados.
  2160 | D:2      | Found a hide-covered altar of Uskayaw.
  2551 | D:3      | Reached XP level 4. HP: 28/30 MP: 5/8
  2976 | D:3      | Found an iron altar of Okawaru.
  3191 | D:3      | Found a transporter.
  3198 | D:3      | Noticed raceaflais's ghost (amateur SpVM)
  3203 | D:3      | Found a transporter.
  3228 | D:3      | Slain by a worker ant zombie

Illustrated notes

Levels and vault maps discovered:
D:1:      elethiomel_arrival_fortress_basement, layout_basic
D:2:      layout_basic, cheibriados_altar_1, eat_drink_and_be_merry_uskayaw
D:3:      layout_basic, marbit_many_paths, tso_altar, gammafunk_ghost_arena,
          uniq_ijyb

Action                   |  1- 3 |  4- 6 || total
-------------------------+-------+-------++-------
Melee: Spear             |    35 |       ||    35
       Dagger            |       |     2 ||     2
 Cast: Pain              |    53 |    18 ||    71
       Animate Skeleton  |    11 |     2 ||    13
  Use: Scroll            |     7 |       ||     7
Armor: Robe              |     6 |     4 ||    10
Dodge: Dodged            |    26 |     8 ||    34
